Wild vs Islanders

Created - 7 octobre 2023 at 09:54

Goals
1 2 3 T
Wild 0 1 0 1
Islanders 0 0 0 0
Shots
1 2 3 T
Wild 7 15 8 30
Islanders 7 10 14 31

GoalsPenalties
1st period
No Goal
Josh Bailey (NYI) for Fighting (Major) at 1:51
Derek Forbort (MIN) for Fighting (Major) at 1:51
Moritz Seider (MIN) for Slashing (Minor) at 18:02
2nd period
1. Wild , Sidney Crosby 5 (Mikko Rantanen 4, Clayton Keller 9) at 8:24
No Penalty
3rd period
No Goal
Jakub Vrana (MIN) for Hooking (Minor) at 5:02
Goalie Stats
Jeremy Swayman (MIN), 31 saves from 31 shots - (1,000), W, 4-5-1, 60:00 minutes
Mike Smith (NYI), 29 saves from 30 shots - (0,967), L, 0-5-0, 59:11 minutes
3 StarsOfficial
1 - Jeremy Swayman (MIN)
2 - Mike Smith (NYI)
3 - Sidney Crosby (MIN)
Referees : Lacey Senuk and Graham Skilliter
Linesman : Brad Kovachik and David Brisebois
Game Note
Josh Bailey and Derek Forbort fight to a draw at 1:51 of 1st period
Finance
Level 1 -- Attendance: 4931 (82%) -- Ticket Income $493,100
Level 2 -- Attendance: 3860 (77%) -- Ticket Income $231,600
Level 3 -- Attendance: 2000 (100%) -- Ticket Income $70,000
Level 4 -- Attendance: 2234 (100%) -- Ticket Income $44,680
Luxury Box -- Attendance: 1000 (100%) -- Ticket Income $200,000
Game was played at the Nassau Veterans Memorial.
Total Attendance: 14025 (86%)
Total Ticket Income: $1,039,380
Other Income: $311,814
Total Income: $1,351,194



Team Name Goals Shots Shots Attemp Shots Blocked PIM HIT PP PK FO%
Wild 13055119260 / 0 (0%050%
Islanders 0316485180 / 2 (0%)050%

Wild
Player Name POS G A P +/- PIM HIT SHT SB MP PP MP PP SHT PK MP PK SHT FO% FOT GA TA
Alex KillornLW/RW0000041017:290:0000:3500% 000
Alexander BarabanovLW/RW0000003015:040:0000:0000% 100
Artemi PanarinLW0001003018:540:0001:1300% 131
Brady SkjeiD0001001223:280:0002:4000% 010
Clayton KellerLW/RW0110013020:300:0002:0900% 010
Derek ForbortD0000521016:360:0001:1800% 001
Erik JohnsonD0000012221:330:0001:1800% 001
Jake BeanD0000010014:590:0000:0000% 000
Jakub VranaLW000021006:080:0000:2400% 000
Logan O'ConnorLW/RW0000031316:310:0000:0000% 102
Mikko RantanenC/RW0111051123:460:0002:10067% 310
Moritz SeiderD0000200222:070:0001:1500% 000
Nic DowdC000001006:100:0000:000100% 100
Nils LundkvistD000100303:120:0000:0000% 000
Phillip DanaultC0000014015:290:0000:00043% 740
Sebastien AhoD0000002118:230:0001:2500% 001
Sidney CrosbyC1011034017:590:0000:38046% 2600
Tomas HertlC0000031017:410:0000:47075% 800
Islanders
Player Name POS G A P +/- PIM HIT SHT SB MP PP MP PP SHT PK MP PK SHT FO% FOT GA TA
Brock McGinnLW/RW0000035020:102:2000:00050% 200
Caleb JonesD000-1004024:342:1800:0000% 001
Christian WolaninD0000011019:040:0000:0000% 004
Filip ZadinaLW/RW0000014013:080:0000:00050% 200
Jakub VoracekLW/RW000-1011016:021:3800:0000% 000
Josh ArchibaldLW/RW0000001113:341:1500:0000% 010
Josh BaileyLW/RW0000520017:402:2000:00057% 2111
Kyle BurroughsD0000020220:191:1500:0000% 002
Milan LucicLW/RW000-1002016:031:3800:0000% 110
Nicklas BackstromC000-1011017:262:2000:00050% 1000
Nicolas MelocheD0000020014:420:0000:0000% 000
Ondrej KaseRW0000011010:550:0000:0000% 000
Rasmus AsplundC/LW0000003011:190:0000:00033% 600
Rasmus KupariC/LW/RW0000011015:001:3800:00050% 600
Robert BortuzzoD000-1022121:510:2500:0000% 000
Simon HolmstromRW0000000012:260:0000:0000% 000
Sonny MilanoLW/RW0000015121:042:4300:0000% 030
Will ButcherD0000000314:420:0000:0000% 002

Wild

5 vs 5 Forward
Line #Left WingCenterRight WingPHYDFOFWanted %Time %Time Play
1Artemi PanarinSidney CrosbyMikko Rantanen0234232%17:23
2Clayton KellerTomas HertlAlex Killorn0233233%18:11
3Logan O'ConnorPhillip DanaultAlexander Barabanov0232027%14:41
4Jakub VranaNic DowdMikko Rantanen02368%4:33
5 vs 5 Defense
Line #DefenseDefensePHYDFOFWanted %Time %Time Play
1Erik JohnsonMoritz Seider1224238%21:05
2Brady SkjeiDerek Forbort1223532%17:41
3Sebastien AhoJake Bean1222324%13:16
4Nils LundkvistBrady Skjei04105%2:46
Power Play Forward
Line #Left WingCenterRight WingPHYDFOFWanted %Time %Time Play
1Clayton KellerSidney CrosbyMikko Rantanen005700%0:00
2Artemi PanarinTomas HertlAlex Killorn014300%0:00
Power Play Defense
Line #DefenseDefensePHYDFOFWanted %Time %Time Play
1Brady SkjeiMoritz Seider014650%0:00
2Erik JohnsonDerek Forbort023350%0:00
Penalty Kill 4 Players Forward
Line #CenterWingPHYDFOFWanted %Time %Time Play
1Mikko RantanenClayton Keller1406084%3:20
2Sidney CrosbyArtemi Panarin1404016%0:38
Penalty Kill 4 Players Defense
Line #DefenseDefensePHYDFOFWanted %Time %Time Play
1Brady SkjeiMoritz Seider1406067%2:40
2Erik JohnsonDerek Forbort1404033%1:18
Penalty Kill 3 Players
Line #WingPHYDFOFWanted %Time %Time PlayDefenseDefensePHYDFOFWanted %Time %Time Play
1Mikko Rantanen140600%0:00 Brady SkjeiMoritz Seider140600%0:00
2Sidney Crosby140400%0:00 Erik JohnsonDerek Forbort140400%0:00
4 vs 4 Forward
Line #CenterWingPHYDFOFWanted %Time %Time Play
1Mikko RantanenClayton Keller122650%0:00
2Sidney CrosbyArtemi Panarin122350%0:00
4 vs 4 Defense
Line #DefensePHYDFOFWanted %Time %Time Play
1Brady SkjeiMoritz Seider122600%0:00
2Erik JohnsonDerek Forbort122400%0:00
Last Minutes Offensive
Left WingCenterRight WingDefenseDefense
Clayton KellerSidney CrosbyMikko RantanenBrady SkjeiMoritz Seider
Last Minutes Defensive
Left WingCenterRight WingDefenseDefense
Clayton KellerSidney CrosbyMikko RantanenBrady SkjeiMoritz Seider
Time
Total ForwardTotal DefenseLast Minutes OffensiveLast Minutes Defensive
60:00 60:00 0:001:14
Extra Forwards
Normal PowerPlayPenalty Kill
Artemi Panarin, Tomas Hertl, Phillip DanaultArtemi Panarin, Tomas HertlArtemi Panarin
Extra Defensemen
Normal PowerPlayPenalty Kill
Sebastien Aho, Jake Bean, Nils LundkvistSebastien Aho, Sebastien AhoJake Bean
Penalty Shots
Mikko Rantanen, Sidney Crosby, Clayton Keller, Alex Killorn, Artemi Panarin
Goalie
Jeremy Swayman, Casey DeSmith
Scratches
Fabian Zetterlund (Healthy)

Islanders

5 vs 5 Forward
Line #Left WingCenterRight WingPHYDFOFWanted %Time %Time Play
1Sonny MilanoJosh BaileyBrock McGinn1224033%17:50
2Jakub VoracekNicklas BackstromMilan Lucic0233028%15:30
3Josh ArchibaldRasmus KupariOndrej Kase2212020%10:55
4Simon HolmstromRasmus AsplundFilip Zadina0231019%10:34
5 vs 5 Defense
Line #DefenseDefensePHYDFOFWanted %Time %Time Play
1Robert BortuzzoCaleb Jones2304034%18:45
2Kyle BurroughsChristian Wolanin2303035%19:04
3Will ButcherNicolas Meloche2302527%14:42
4Robert BortuzzoCaleb Jones32054%2:18
Power Play Forward
Line #Left WingCenterRight WingPHYDFOFWanted %Time %Time Play
1Josh BaileyNicklas BackstromBrock McGinn0056059%2:20
2Jakub VoracekRasmus KupariMilan Lucic0054041%1:38
Power Play Defense
Line #DefenseDefensePHYDFOFWanted %Time %Time Play
1Sonny MilanoCaleb Jones0056068%2:43
2Josh ArchibaldKyle Burroughs0054032%1:15
Penalty Kill 4 Players Forward
Line #CenterWingPHYDFOFWanted %Time %Time Play
1Josh BaileyBrock McGinn050550%0:00
2Rasmus KupariMilan Lucic050450%0:00
Penalty Kill 4 Players Defense
Line #DefenseDefensePHYDFOFWanted %Time %Time Play
1Robert BortuzzoCaleb Jones050550%0:00
2Kyle BurroughsWill Butcher050450%0:00
Penalty Kill 3 Players
Line #WingPHYDFOFWanted %Time %Time PlayDefenseDefensePHYDFOFWanted %Time %Time Play
1Brock McGinn050500%0:00 Robert BortuzzoCaleb Jones050500%0:00
2Rasmus Kupari050500%0:00 Kyle BurroughsWill Butcher050500%0:00
4 vs 4 Forward
Line #CenterWingPHYDFOFWanted %Time %Time Play
1Nicklas BackstromJosh Bailey131650%0:00
2Rasmus KupariBrock McGinn221350%0:00
4 vs 4 Defense
Line #DefensePHYDFOFWanted %Time %Time Play
1Robert BortuzzoCaleb Jones230650%0:00
2Kyle BurroughsWill Butcher140350%0:00
Last Minutes Offensive
Left WingCenterRight WingDefenseDefense
Josh BaileyNicklas BackstromBrock McGinnSonny MilanoCaleb Jones
Last Minutes Defensive
Left WingCenterRight WingDefenseDefense
Josh BaileyRasmus KupariBrock McGinnRobert BortuzzoCaleb Jones
Time
Total ForwardTotal DefenseLast Minutes OffensiveLast Minutes Defensive
60:00 60:00 1:130:00
Extra Forwards
Normal PowerPlayPenalty Kill
Filip Zadina, Rasmus Kupari, Josh BaileyFilip Zadina, Sonny MilanoMilan Lucic
Extra Defensemen
Normal PowerPlayPenalty Kill
Kyle Burroughs, Caleb Jones, Robert BortuzzoRobert Bortuzzo, Kyle BurroughsCaleb Jones
Penalty Shots
Josh Bailey, Sonny Milano, Brock McGinn, Caleb Jones, Filip Zadina
Goalie
Mike Smith, Chris Driedger
Scratches
Dylan Coghlan (Healthy), Carl Hagelin (Healthy), Rocco Grimaldi (Healthy)


Play-by-Play

1st period


0:01 of 1st period - Josh Bailey wins face-off versus Sidney Crosby in neutral zone.
0:12 of 1st period - Sonny Milano is hit by Mikko Rantanen and loses puck.
0:51 of 1st period - Wrist shot by Phillip Danault.
0:51 of 1st period - Stopped by Mike Smith without a rebound.
0:52 of 1st period - Phillip Danault wins face-off versus Rasmus Kupari in Islanders zone.
0:53 of 1st period - Snap shot by Alexander Barabanov.
0:53 of 1st period - Shot Blocked by Kyle Burroughs.
0:55 of 1st period - Slapshot by Derek Forbort.
0:55 of 1st period - Stopped by Mike Smith with a rebound.
1:11 of 1st period - Josh Archibald is hit by Derek Forbort and loses puck.
1:42 of 1st period - Wrist shot by Ondrej Kase.
1:42 of 1st period - Stopped by Jeremy Swayman without a rebound.
1:43 of 1st period - Josh Bailey wins face-off versus Sidney Crosby in Wild zone.
1:51 of 1st period - Josh Bailey and Derek Forbort fight to a draw.
1:51 of 1st period - Penalty to Josh Bailey for Fighting.
1:51 of 1st period - Penalty to Derek Forbort for Fighting.
1:52 of 1st period - Sidney Crosby wins face-off versus Filip Zadina in Islanders zone.
1:55 of 1st period - Snap shot by Artemi Panarin.
1:55 of 1st period - Stopped by Mike Smith with a rebound.
2:07 of 1st period - Backhand shot by Sonny Milano.
2:07 of 1st period - Stopped by Jeremy Swayman with a rebound.
2:27 of 1st period - Snap shot by Alex Killorn.
2:27 of 1st period - Stopped by Mike Smith with a rebound.
2:29 of 1st period - Slapshot by Sebastien Aho.
2:29 of 1st period - Shot Misses the Net.
2:31 of 1st period - Slapshot by Tomas Hertl.
2:31 of 1st period - Shot Misses the Net.
2:43 of 1st period - Wrist shot by Filip Zadina.
2:43 of 1st period - Shot Misses the Net.
3:15 of 1st period - Wrist shot by Mikko Rantanen.
3:15 of 1st period - Shot Misses the Net.
3:17 of 1st period - Slapshot by Moritz Seider.
3:17 of 1st period - Shot Misses the Net.
3:47 of 1st period - Josh Archibald is hit by Sidney Crosby and loses puck.
3:54 of 1st period - Snap shot by Artemi Panarin.
3:54 of 1st period - Stopped by Mike Smith with a rebound.
4:26 of 1st period - Slapshot by Sonny Milano.
4:26 of 1st period - Deflect By Brock McGinn.
4:26 of 1st period - Shot Blocked by Brady Skjei.
4:26 of 1st period - Puck is out of play.
4:27 of 1st period - Tomas Hertl wins face-off versus Nicklas Backstrom in Wild zone.
5:13 of 1st period - Wrist shot by Logan O'Connor.
5:13 of 1st period - Shot Misses the Net.
5:19 of 1st period - Phillip Danault is hit by Nicolas Meloche and loses puck.
5:44 of 1st period - Nicklas Backstrom is hit by Alex Killorn and loses puck.
5:57 of 1st period - Mikko Rantanen is hit by Christian Wolanin and loses puck.
6:18 of 1st period - Icing by Brock McGinn.
6:19 of 1st period - Filip Zadina wins face-off versus Phillip Danault in Islanders zone.
6:28 of 1st period - Wrist shot by Sonny Milano.
6:28 of 1st period - Shot Misses the Net.
6:58 of 1st period - Snap shot by Logan O'Connor.
6:58 of 1st period - Shot Misses the Net.
7:16 of 1st period - Slapshot by Sonny Milano.
7:16 of 1st period - Stopped by Jeremy Swayman with a rebound.
7:18 of 1st period - Slapshot by Brock McGinn.
7:18 of 1st period - Shot Blocked by Logan O'Connor.
7:20 of 1st period - Snap shot by Caleb Jones.
7:20 of 1st period - Deflect By Phillip Danault.
7:20 of 1st period - Stopped by Jeremy Swayman with a rebound.
7:22 of 1st period - Wrist shot by Caleb Jones.
7:22 of 1st period - Stopped by Jeremy Swayman without a rebound.
7:23 of 1st period - Nicklas Backstrom wins face-off versus Sidney Crosby in Wild zone.
8:44 of 1st period - Icing by Josh Bailey.
8:45 of 1st period - Rasmus Kupari wins face-off versus Sidney Crosby in Islanders zone.
9:53 of 1st period - Wrist shot by Jakub Voracek.
9:53 of 1st period - Shot Misses the Net.
10:28 of 1st period - Snap shot by Phillip Danault.
10:28 of 1st period - Stopped by Mike Smith with a rebound.
10:32 of 1st period - Snap shot by Alexander Barabanov.
10:32 of 1st period - Deflect By Phillip Danault.
10:32 of 1st period - Stopped by Mike Smith with a rebound.
11:19 of 1st period - Logan O'Connor is hit by Robert Bortuzzo and loses puck.
11:48 of 1st period - Josh Archibald is hit by Alex Killorn and loses puck.
12:06 of 1st period - Off-side.
12:07 of 1st period - Josh Bailey wins face-off versus Phillip Danault in neutral zone.
12:18 of 1st period - Slapshot by Sonny Milano.
12:18 of 1st period - Shot Blocked by Logan O'Connor.
12:20 of 1st period - Snap shot by Sonny Milano.
12:20 of 1st period - Stopped by Jeremy Swayman with a rebound.
12:22 of 1st period - Backhand shot by Sonny Milano.
12:22 of 1st period - Shot Blocked by Logan O'Connor.
12:24 of 1st period - Slapshot by Caleb Jones.
12:24 of 1st period - Shot Misses the Net.
12:34 of 1st period - Milan Lucic is hit by Tomas Hertl and loses puck.
13:35 of 1st period - Wrist shot by Rasmus Kupari.
13:35 of 1st period - Stopped by Jeremy Swayman with a rebound.
14:36 of 1st period - Wrist shot by Rasmus Asplund.
14:36 of 1st period - Shot Misses the Net.
15:10 of 1st period - Ondrej Kase is hit by Alex Killorn and loses puck.
15:37 of 1st period - Jakub Voracek is hit by Logan O'Connor and loses puck.
15:50 of 1st period - Tomas Hertl is hit by Kyle Burroughs and loses puck.
16:05 of 1st period - Sonny Milano is hit by Sidney Crosby and loses puck.
16:29 of 1st period - Nicklas Backstrom is hit by Logan O'Connor and loses puck.
17:31 of 1st period - Filip Zadina is hit by Jake Bean and loses puck.
18:02 of 1st period - Minor Penalty to Moritz Seider for Slashing.
18:03 of 1st period - Mikko Rantanen wins face-off versus Nicklas Backstrom in Wild zone.
18:19 of 1st period - Brady Skjei is hit by Brock McGinn and loses puck.
18:34 of 1st period - Snap shot by Rasmus Kupari.
18:34 of 1st period - Shot Blocked by Brady Skjei.
18:50 of 1st period - Off-side.
18:51 of 1st period - Sidney Crosby wins face-off versus Nicklas Backstrom in neutral zone.
19:00 of 1st period - Derek Forbort is hit by Kyle Burroughs and loses puck.
Goals for this period are 0 for Wild vs 0 for Islanders.
Shots for this period are 7 for Wild vs 7 for Islanders.

2nd period


0:01 of 2nd period - Mikko Rantanen wins face-off versus Nicklas Backstrom in neutral zone.
0:02 of 2nd period - Penalty to Moritz Seider is over, Moritz Seider is back on ice.
0:10 of 2nd period - Clayton Keller is hit by Josh Bailey and loses puck.
0:17 of 2nd period - Slapshot by Josh Bailey.
0:17 of 2nd period - Shot Misses the Net.
0:33 of 2nd period - Wrist shot by Logan O'Connor.
0:33 of 2nd period - Deflect By Josh Archibald.
0:33 of 2nd period - Shot Misses the Net.
0:33 of 2nd period - Puck is out of play.
0:34 of 2nd period - Nicklas Backstrom wins face-off versus Sidney Crosby in Islanders zone.
0:41 of 2nd period - Wrist shot by Milan Lucic.
0:41 of 2nd period - Shot Misses the Net.
0:43 of 2nd period - Wrist shot by Milan Lucic.
0:43 of 2nd period - Stopped by Jeremy Swayman with a rebound.
0:45 of 2nd period - Wrist shot by Nicklas Backstrom.
0:45 of 2nd period - Stopped by Jeremy Swayman without a rebound.
0:46 of 2nd period - Sidney Crosby wins face-off versus Josh Bailey in Wild zone.
0:46 of 2nd period - Sidney Crosby is hit by Josh Bailey.
1:14 of 2nd period - Icing by Clayton Keller.
1:15 of 2nd period - Nicklas Backstrom wins face-off versus Tomas Hertl in Wild zone.
1:30 of 2nd period - Snap shot by Tomas Hertl.
1:30 of 2nd period - Shot Blocked by Will Butcher.
2:31 of 2nd period - Off-side.
2:32 of 2nd period - Sidney Crosby wins face-off versus Josh Bailey in neutral zone.
3:23 of 2nd period - Snap shot by Mikko Rantanen.
3:23 of 2nd period - Shot Blocked by Kyle Burroughs.
3:25 of 2nd period - Wrist shot by Mikko Rantanen.
3:25 of 2nd period - Stopped by Mike Smith with a rebound.
3:27 of 2nd period - Slapshot by Nils Lundkvist.
3:27 of 2nd period - Stopped by Mike Smith without a rebound.
3:28 of 2nd period - Josh Bailey wins face-off versus Artemi Panarin in Islanders zone.
3:33 of 2nd period - Snap shot by Sonny Milano.
3:33 of 2nd period - Deflect By Sidney Crosby.
3:33 of 2nd period - Shot Misses the Net.
3:33 of 2nd period - Puck is out of play.
3:34 of 2nd period - Josh Bailey wins face-off versus Sidney Crosby in Wild zone.
4:54 of 2nd period - Snap shot by Caleb Jones.
4:54 of 2nd period - Stopped by Jeremy Swayman without a rebound.
4:55 of 2nd period - Josh Bailey wins face-off versus Sidney Crosby in Wild zone.
4:56 of 2nd period - Wrist shot by Sonny Milano.
4:56 of 2nd period - Shot Misses the Net.
4:58 of 2nd period - Snap shot by Sonny Milano.
4:58 of 2nd period - Stopped by Jeremy Swayman with a rebound.
5:00 of 2nd period - Slapshot by Robert Bortuzzo.
5:00 of 2nd period - Stopped by Jeremy Swayman without a rebound.
5:01 of 2nd period - Sidney Crosby wins face-off versus Josh Bailey in Wild zone.
5:01 of 2nd period - Sidney Crosby is hit by Brock McGinn.
5:09 of 2nd period - Wrist shot by Artemi Panarin.
5:09 of 2nd period - Shot Blocked by Robert Bortuzzo.
5:15 of 2nd period - Artemi Panarin is hit by Brock McGinn and loses puck.
7:01 of 2nd period - Snap shot by Clayton Keller.
7:01 of 2nd period - Deflect By Alex Killorn.
7:01 of 2nd period - Shot Misses the Net.
7:01 of 2nd period - Puck is out of play.
7:02 of 2nd period - Josh Bailey wins face-off versus Sidney Crosby in Islanders zone.
7:02 of 2nd period - Josh Bailey is hit by Mikko Rantanen.
8:24 of 2nd period - Backhand shot by Sidney Crosby.
8:24 of 2nd period - Goal by Sidney Crosby - Wild : 1 - Islanders : 0.
8:25 of 2nd period - Brock McGinn wins face-off versus Sidney Crosby in neutral zone.
8:25 of 2nd period - Sonny Milano is hit by Mikko Rantanen and loses puck.
8:30 of 2nd period - Brock McGinn is hit by Sidney Crosby.
8:52 of 2nd period - Mikko Rantanen is hit by Ondrej Kase and loses puck.
9:31 of 2nd period - Snap shot by Sidney Crosby.
9:31 of 2nd period - Stopped by Mike Smith with a rebound.
9:33 of 2nd period - Snap shot by Derek Forbort.
9:33 of 2nd period - Deflect By Artemi Panarin.
9:33 of 2nd period - Shot Blocked by Josh Archibald.
9:33 of 2nd period - Puck is out of play.
9:34 of 2nd period - Josh Bailey wins face-off versus Tomas Hertl in Islanders zone.
9:34 of 2nd period - Josh Bailey is hit by Tomas Hertl.
9:42 of 2nd period - Snap shot by Sonny Milano.
9:42 of 2nd period - Shot Misses the Net.
10:25 of 2nd period - Wrist shot by Rasmus Asplund.
10:25 of 2nd period - Shot Blocked by Erik Johnson.
10:43 of 2nd period - Slapshot by Logan O'Connor.
10:43 of 2nd period - Shot Misses the Net.
10:55 of 2nd period - Snap shot by Rasmus Asplund.
10:55 of 2nd period - Shot Misses the Net.
10:57 of 2nd period - Wrist shot by Rasmus Asplund.
10:57 of 2nd period - Shot Blocked by Moritz Seider.
11:03 of 2nd period - Snap shot by Rasmus Asplund.
11:03 of 2nd period - Stopped by Jeremy Swayman without a rebound.
11:04 of 2nd period - Tomas Hertl wins face-off versus Josh Bailey in Wild zone.
11:51 of 2nd period - Nicklas Backstrom is hit by Alex Killorn and loses puck.
13:02 of 2nd period - Wrist shot by Clayton Keller.
13:02 of 2nd period - Stopped by Mike Smith with a rebound.
13:04 of 2nd period - Wrist shot by Clayton Keller.
13:04 of 2nd period - Stopped by Mike Smith with a rebound.
13:06 of 2nd period - Backhand shot by Alex Killorn.
13:06 of 2nd period - Shot Blocked by Will Butcher.
13:12 of 2nd period - Snap shot by Clayton Keller.
13:12 of 2nd period - Deflect By Tomas Hertl.
13:12 of 2nd period - Stopped by Mike Smith without a rebound.
13:13 of 2nd period - Sidney Crosby wins face-off versus Josh Bailey in Islanders zone.
13:24 of 2nd period - Slapshot by Josh Bailey.
13:24 of 2nd period - Shot Blocked by Erik Johnson.
13:26 of 2nd period - Wrist shot by Brock McGinn.
13:26 of 2nd period - Stopped by Jeremy Swayman with a rebound.
13:28 of 2nd period - Slapshot by Kyle Burroughs.
13:28 of 2nd period - Shot Blocked by Moritz Seider.
14:11 of 2nd period - Wrist shot by Artemi Panarin.
14:11 of 2nd period - Stopped by Mike Smith with a rebound.
14:13 of 2nd period - Slapshot by Nils Lundkvist.
14:13 of 2nd period - Stopped by Mike Smith with a rebound.
14:15 of 2nd period - Snap shot by Sidney Crosby.
14:15 of 2nd period - Stopped by Mike Smith with a rebound.
14:17 of 2nd period - Snap shot by Brady Skjei.
14:17 of 2nd period - Stopped by Mike Smith without a rebound.
14:18 of 2nd period - Phillip Danault wins face-off versus Josh Bailey in Islanders zone.
14:53 of 2nd period - Wrist shot by Alex Killorn.
14:53 of 2nd period - Shot Misses the Net.
14:55 of 2nd period - Slapshot by Nils Lundkvist.
14:55 of 2nd period - Stopped by Mike Smith without a rebound.
14:56 of 2nd period - Phillip Danault wins face-off versus Nicklas Backstrom in Islanders zone.
15:05 of 2nd period - Slapshot by Alexander Barabanov.
15:05 of 2nd period - Stopped by Mike Smith with a rebound.
15:07 of 2nd period - Wrist shot by Phillip Danault.
15:07 of 2nd period - Shot Hit the Post.
15:09 of 2nd period - Wrist shot by Phillip Danault.
15:09 of 2nd period - Stopped by Mike Smith with a rebound.
15:11 of 2nd period - Slapshot by Phillip Danault.
15:11 of 2nd period - Shot Blocked by Will Butcher.
15:28 of 2nd period - Wrist shot by Sonny Milano.
15:28 of 2nd period - Stopped by Jeremy Swayman without a rebound.
15:29 of 2nd period - Sidney Crosby wins face-off versus Brock McGinn in Wild zone.
15:29 of 2nd period - Sidney Crosby is hit by Sonny Milano.
16:09 of 2nd period - Wrist shot by Milan Lucic.
16:09 of 2nd period - Stopped by Jeremy Swayman without a rebound.
16:10 of 2nd period - Sidney Crosby wins face-off versus Rasmus Kupari in Wild zone.
16:24 of 2nd period - Mikko Rantanen is hit by Robert Bortuzzo and loses puck.
16:37 of 2nd period - Robert Bortuzzo is hit by Clayton Keller and loses puck.
16:58 of 2nd period - Jakub Voracek is hit by Logan O'Connor and loses puck.
17:03 of 2nd period - Wrist shot by Phillip Danault.
17:03 of 2nd period - Shot Misses the Net.
17:05 of 2nd period - Slapshot by Erik Johnson.
17:05 of 2nd period - Deflect By Milan Lucic.
17:05 of 2nd period - Stopped by Mike Smith with a rebound.
17:07 of 2nd period - Snap shot by Phillip Danault.
17:07 of 2nd period - Shot Misses the Net.
17:09 of 2nd period - Backhand shot by Alexander Barabanov.
17:09 of 2nd period - Shot Misses the Net.
17:23 of 2nd period - Snap shot by Filip Zadina.
17:23 of 2nd period - Stopped by Jeremy Swayman without a rebound.
17:24 of 2nd period - Sidney Crosby wins face-off versus Rasmus Asplund in Wild zone.
17:24 of 2nd period - Artemi Panarin is hit by Filip Zadina.
17:30 of 2nd period - Robert Bortuzzo is hit by Mikko Rantanen and loses puck.
17:35 of 2nd period - Slapshot by Sidney Crosby.
17:35 of 2nd period - Deflect By Artemi Panarin.
17:35 of 2nd period - Shot Misses the Net.
17:35 of 2nd period - Puck is out of play.
17:36 of 2nd period - Josh Bailey wins face-off versus Sidney Crosby in Islanders zone.
18:03 of 2nd period - Derek Forbort is hit by Jakub Voracek and loses puck.
18:10 of 2nd period - Caleb Jones is hit by Tomas Hertl and loses puck.
18:31 of 2nd period - Caleb Jones is hit by Phillip Danault and loses puck.
18:35 of 2nd period - Icing by Robert Bortuzzo.
18:36 of 2nd period - Rasmus Kupari wins face-off versus Sidney Crosby in Islanders zone.
18:49 of 2nd period - Snap shot by Ondrej Kase.
18:49 of 2nd period - Shot Misses the Net.
19:51 of 2nd period - Christian Wolanin is hit by Nic Dowd and loses puck.
Goals for this period are 1 for Wild vs 0 for Islanders.
Shots for this period are 15 for Wild vs 10 for Islanders.

3rd period


0:01 of 3rd period - Sidney Crosby wins face-off versus Josh Bailey in neutral zone.
0:08 of 3rd period - Wrist shot by Sidney Crosby.
0:08 of 3rd period - Stopped by Mike Smith without a rebound.
0:09 of 3rd period - Josh Bailey wins face-off versus Sidney Crosby in Islanders zone.
0:24 of 3rd period - Snap shot by Sidney Crosby.
0:24 of 3rd period - Shot Misses the Net.
0:26 of 3rd period - Snap shot by Erik Johnson.
0:26 of 3rd period - Stopped by Mike Smith without a rebound.
0:27 of 3rd period - Tomas Hertl wins face-off versus Milan Lucic in Islanders zone.
1:21 of 3rd period - Slapshot by Alexander Barabanov.
1:21 of 3rd period - Stopped by Mike Smith without a rebound.
1:22 of 3rd period - Josh Bailey wins face-off versus Alexander Barabanov in Islanders zone.
1:43 of 3rd period - Wrist shot by Alexander Barabanov.
1:43 of 3rd period - Stopped by Mike Smith with a rebound.
1:45 of 3rd period - Snap shot by Alexander Barabanov.
1:45 of 3rd period - Shot Blocked by Sonny Milano.
2:18 of 3rd period - Icing by Logan O'Connor.
2:19 of 3rd period - Nicklas Backstrom wins face-off versus Logan O'Connor in Wild zone.
2:33 of 3rd period - Slapshot by Phillip Danault.
2:33 of 3rd period - Deflect By Logan O'Connor.
2:33 of 3rd period - Stopped by Mike Smith with a rebound.
2:35 of 3rd period - Backhand shot by Sebastien Aho.
2:35 of 3rd period - Stopped by Mike Smith without a rebound.
2:36 of 3rd period - Rasmus Kupari wins face-off versus Sidney Crosby in Islanders zone.
2:36 of 3rd period - Rasmus Kupari is hit by Mikko Rantanen.
3:24 of 3rd period - Wrist shot by Robert Bortuzzo.
3:24 of 3rd period - Stopped by Jeremy Swayman with a rebound.
3:26 of 3rd period - Wrist shot by Filip Zadina.
3:26 of 3rd period - Stopped by Jeremy Swayman without a rebound.
3:27 of 3rd period - Nic Dowd wins face-off versus Rasmus Asplund in Wild zone.
3:36 of 3rd period - Rasmus Asplund is hit by Erik Johnson and loses puck.
3:48 of 3rd period - Icing by Simon Holmstrom.
3:49 of 3rd period - Tomas Hertl wins face-off versus Rasmus Asplund in Islanders zone.
5:02 of 3rd period - Minor Penalty to Jakub Vrana for Hooking.
5:03 of 3rd period - Nicklas Backstrom wins face-off versus Mikko Rantanen in Wild zone.
6:37 of 3rd period - Brady Skjei is hit by Rasmus Kupari and loses puck.
6:54 of 3rd period - Brady Skjei is hit by Nicklas Backstrom and loses puck.
7:02 of 3rd period - Penalty to Jakub Vrana is over, Jakub Vrana is back on ice.
7:15 of 3rd period - Wrist shot by Rasmus Asplund.
7:15 of 3rd period - Stopped by Jeremy Swayman with a rebound.
7:17 of 3rd period - Backhand shot by Sonny Milano.
7:17 of 3rd period - Shot Misses the Net.
7:19 of 3rd period - Snap shot by Filip Zadina.
7:19 of 3rd period - Stopped by Jeremy Swayman without a rebound.
7:20 of 3rd period - Rasmus Asplund wins face-off versus Phillip Danault in Wild zone.
8:39 of 3rd period - Slapshot by Ondrej Kase.
8:39 of 3rd period - Shot Blocked by Sebastien Aho.
9:29 of 3rd period - Snap shot by Sebastien Aho.
9:29 of 3rd period - Stopped by Mike Smith without a rebound.
9:30 of 3rd period - Tomas Hertl wins face-off versus Rasmus Asplund in Islanders zone.
9:57 of 3rd period - Mikko Rantanen is hit by Nicolas Meloche and loses puck.
10:04 of 3rd period - Wrist shot by Jakub Voracek.
10:04 of 3rd period - Stopped by Jeremy Swayman without a rebound.
10:05 of 3rd period - Sidney Crosby wins face-off versus Josh Bailey in Wild zone.
11:40 of 3rd period - Rasmus Kupari is hit by Jakub Vrana and loses puck.
11:55 of 3rd period - Wrist shot by Josh Archibald.
11:55 of 3rd period - Stopped by Jeremy Swayman with a rebound.
12:16 of 3rd period - Robert Bortuzzo is hit by Derek Forbort and loses puck.
12:38 of 3rd period - Snap shot by Rasmus Asplund.
12:38 of 3rd period - Stopped by Jeremy Swayman without a rebound.
12:39 of 3rd period - Rasmus Asplund wins face-off versus Phillip Danault in Wild zone.
13:18 of 3rd period - Backhand shot by Rasmus Asplund.
13:18 of 3rd period - Shot Misses the Net.
13:36 of 3rd period - Wrist shot by Filip Zadina.
13:36 of 3rd period - Stopped by Jeremy Swayman without a rebound.
13:37 of 3rd period - Josh Bailey wins face-off versus Sidney Crosby in Wild zone.
13:46 of 3rd period - Slapshot by Brock McGinn.
13:46 of 3rd period - Deflect By Sonny Milano.
13:46 of 3rd period - Shot Misses the Net.
13:46 of 3rd period - Puck is out of play.
13:47 of 3rd period - Sidney Crosby wins face-off versus Josh Bailey in Wild zone.
14:32 of 3rd period - Snap shot by Brock McGinn.
14:32 of 3rd period - Stopped by Jeremy Swayman with a rebound.
14:34 of 3rd period - Wrist shot by Brock McGinn.
14:34 of 3rd period - Stopped by Jeremy Swayman with a rebound.
14:36 of 3rd period - Snap shot by Josh Bailey.
14:36 of 3rd period - Shot Misses the Net.
14:38 of 3rd period - Wrist shot by Sonny Milano.
14:38 of 3rd period - Shot Misses the Net.
14:52 of 3rd period - Snap shot by Brock McGinn.
14:52 of 3rd period - Shot Blocked by Mikko Rantanen.
15:10 of 3rd period - Wrist shot by Josh Bailey.
15:10 of 3rd period - Shot Misses the Net.
15:54 of 3rd period - Wrist shot by Josh Bailey.
15:54 of 3rd period - Deflect By Brock McGinn.
15:54 of 3rd period - Stopped by Jeremy Swayman with a rebound.
15:56 of 3rd period - Snap shot by Josh Bailey.
15:56 of 3rd period - Shot Misses the Net.
15:58 of 3rd period - Snap shot by Brock McGinn.
15:58 of 3rd period - Stopped by Jeremy Swayman with a rebound.
16:00 of 3rd period - Slapshot by Christian Wolanin.
16:00 of 3rd period - Deflect By Artemi Panarin.
16:00 of 3rd period - Stopped by Jeremy Swayman with a rebound.
16:02 of 3rd period - Slapshot by Caleb Jones.
16:02 of 3rd period - Deflect By Sidney Crosby.
16:02 of 3rd period - Stopped by Jeremy Swayman with a rebound.
16:04 of 3rd period - Snap shot by Brock McGinn.
16:04 of 3rd period - Shot Hit the Post.
16:06 of 3rd period - Snap shot by Caleb Jones.
16:06 of 3rd period - Deflect By Brock McGinn.
16:06 of 3rd period - Shot Misses the Net.
16:06 of 3rd period - Puck is out of play.
16:07 of 3rd period - Tomas Hertl wins face-off versus Rasmus Kupari in Wild zone.
16:23 of 3rd period - Snap shot by Clayton Keller.
16:23 of 3rd period - Stopped by Mike Smith with a rebound.
16:45 of 3rd period - Wrist shot by Milan Lucic.
16:45 of 3rd period - Shot Misses the Net.
19:11 of 3rd period - Islanders, Mike Smith is pulled from the net.
19:49 of 3rd period - Backhand shot by Logan O'Connor.
19:49 of 3rd period - Shot Misses the Net.
Goals for this period are 0 for Wild vs 0 for Islanders.
Shots for this period are 8 for Wild vs 14 for Islanders.